 Dungeon Crawl Stone Soup version 0.30-a0-779-g7971cf19c3 (webtiles) character file.

Game seed: 4759754718692894689

1549293 browni3141 the Hawkeye (level 24, 305/305 HPs)
             Began as an Ogre Brigand on Feb 17, 2023.
             Was a High Priest of Nemelex Xobeh.
             Escaped with the Orb
             ... and 3 runes on Feb 18, 2023!
             The game lasted 02:52:21 (68749 turns).

browni3141 the Hawkeye (Ogre Brigand)              Turns: 68749, Time: 02:52:22

Health: 305/305    AC: 14    Str: 30    XL:     24   Next: 35%
Magic:  25/25      EV: 14    Int: 12    God:    Nemelex Xobeh [*****.]
Gold:   1505       SH: 27    Dex: 16    Spells: 21/25 levels left

rFire   + + +      SeeInvis +    f - +3 demon whip (elec)
rCold   . . .      Faith    +    X - +8 tower shield
rNeg    . . .      Spirit   .    C - +1 swamp dragon scales
rPois   +          Reflect  .    M - +2 hat {Will+}
rElec   .          Harm     .    H - +1 cloak of Starlight {*Dazzle EV+4 Stlth--}
rCorr   .          Rampage  .    (gloves unavailable)
Will    +++..                    (boots unavailable) Stlth
                                 z - amulet of faith
HPRegen 0.70/turn                d - ring "Cieq" {rF++ Dex+6 Slay+3}
MPRegen 0.19/turn                L - ring of see invisible

@: studying Short Blades
A: large, unfitting armour, tough skin 1, fangs 1, horns 1, deterioration 1,
fire resistance 1, low MP 3, robust 1, inability to drink after injury 1
0: Orb of Zot
}: 3/15 runes: decaying, slimy, gossamer
a: Renounce Religion, Draw Escape, Draw Destruction, Draw Summoning, Draw Stack,
Triple Draw, Deal Four, Stack Five


You escaped.
You worshipped Nemelex Xobeh.
Nemelex Xobeh was extremely pleased with you.
You visited 9 branches of the dungeon, and saw 45 of its levels.
You also visited: Gauntlet and Ice Cave.

You collected 4495 gold pieces.
You spent 2990 gold pieces at shops.

Inventory:

Hand Weapons
 a - the +11 mace of Ugejat {heavy, rC+ Will+}
   (You found it on level 6 of the Dungeon)

   rC:        It protects you from cold.
   Will:      It increases your willpower.
 f - a +3 demon whip of electrocution (weapon)
Missiles
 e - 15 large rocks (quivered)
 q - a javelin
 S - 2 boomerangs of dispersal
Armour
 C - +1 swamp dragon scales (worn)
 H - the +1 cloak of Starlight (worn) {*Dazzle EV+4 Stlth--}
   (You found it on level 13 of the Dungeon)

   *Dazzle:   It may blind those who miss an attack against the wearer in melee
   combat.
   EV:        It affects your evasion (+4).
   Stlth:     It makes you much less stealthy.
 M - a +2 hat of willpower (worn)
 T - an orb of guile
 X - a +8 tower shield (worn)
Jewellery
 d - the ring "Cieq" (left hand) {rF++ Dex+6 Slay+3}
   (You found it in a Gauntlet)

   [ring of dexterity]

   Dex:       It affects your dexterity (+6).
   Slay:      It affects your accuracy & damage with ranged weapons and melee
   (+3).
   rF:        It greatly protects you from fire.
 n - a ring of resist corrosion
 r - a ring of flight
 z - an amulet of faith (around neck)
 B - a ring of protection from fire
 D - a ring of protection from cold
 L - a ring of see invisible (right hand)
 P - a +4 ring of protection
 Q - a ring of wizardry
 R - a ring of protection from fire
Wands
 b - a wand of acid (4)
 s - a wand of paralysis (39)
 N - a wand of iceblast (24)
 O - a wand of digging (10)
 U - a wand of mindburst (18)
Scrolls
 g - 13 scrolls of teleportation
 j - a scroll of blinking
 l - 7 scrolls of poison
 x - 3 scrolls of silence
 A - 10 scrolls of fog
 E - a scroll of immolation
 F - a scroll of magic mapping
 I - 5 scrolls of vulnerability
 W - 2 scrolls of torment
 Y - 5 scrolls of fear
Potions
 c - 11 potions of lignification
 h - 17 potions of curing
 i - 2 potions of haste
 k - 5 potions of mutation
 o - 5 potions of heal wounds
 p - 9 potions of cancellation
 t - 5 potions of berserk rage
 G - 4 potions of attraction
 J - a potion of resistance
 K - 3 potions of invisibility
 V - 4 potions of ambrosia
 Z - 2 potions of might
Miscellaneous
 v - a tin of tremorstones (1/2)
 w - a condenser vane
 y - a phantom mirror


   Skills:
 - Level 23.0 Fighting
 - Level 1.7 Short Blades
 - Level 12.0 Maces & Flails
 - Level 3.0 Ranged Weapons
 * Level 23.4 Throwing
 - Level 4.0 Armour
 - Level 6.0 Dodging
 - Level 2.9 Stealth
 - Level 15.0 Shields
 - Level 1.0 Spellcasting
 - Level 5.0 Hexes
 - Level 8.0 Translocations
 - Level 20.0 Invocations
 - Level 6.0 Evocations


You had 21 spell levels left.
You knew the following spells:

 Your Spells              Type           Power      Damage    Failure   Level
a - Portal Projectile     Hex/Tloc       32%        N/A       24%         3
b - Apportation           Tloc           38%        N/A       4%          1

Your spell library contained the following spells:

 Spells                   Type           Power      Damage    Failure   Level
 Lesser Beckoning         Tloc           38%        N/A       6%          2
 Gell's Gravitas          Tloc           19%        N/A       13%         3
 Teleport Other           Tloc           19%        N/A       13%         3
 Ensorcelled Hibernation  Hex/Ice        12%        N/A       52%         2
 Vhi's Electric Charge    Tloc/Air       20%        N/A       54%         3
 Beastly Appendage        Tmut           0%         N/A       75%         1
 Foxfire                  Conj/Fire      0%         2x1d4     75%         1
 Freeze                   Ice            0%         1d3       75%         1
 Magic Dart               Conj           0%         1d3       75%         1
 Necrotise                Necr           0%         1d4       75%         1
 Sandblast                Erth           0%         2d4       75%         1
 Sting                    Tmut/Pois      0%         1d3       75%         1
 Call Imp                 Summ           0%         N/A       86%         2
 Cigotuvi's Dreadful Rot  Necr/Pois/Air  0%         N/A       86%         2
 Passwall                 Tmut/Erth      0%         N/A       86%         2
 Poisonous Vapours        Pois/Air       0%         N/A       86%         2
 Scorch                   Fire           0%         2d5       86%         2
 Searing Ray              Conj           0%         2d4       86%         2
 Static Discharge         Conj/Air       0%         2-2/arc   86%         2
 Sublimation of Blood     Necr           0%         N/A       86%         2
 Wereblood                Tmut           0%         N/A       86%         2
 Frozen Ramparts          Ice            0%         1d1       98%         3
 Hailstorm                Conj/Ice       0%         3d3       98%         3
 Spider Form              Tmut/Pois      0%         N/A       98%         3
 Stone Arrow              Conj/Erth      0%         3d7       98%         3
 Vampiric Draining        Necr           0%         2d6       98%         3
 Anguish                  Hex/Necr       3%         N/A       99%         4
 Fulminant Prism          Conj/Hex       3%         3d5       99%         4
 Leda's Liquefaction      Hex/Erth       3%         N/A       99%         4
 Airstrike                Air            0%         2d(0-16)  100%        4
 Dispel Undead            Necr           0%         3d6       100%        4
 Flame Wave               Conj/Fire      0%         2d4       100%        4
 Olgreb's Toxic Radiance  Pois           0%         N/A       100%        4
 Petrify                  Tmut/Erth      0%         N/A       100%        4
 Summon Ice Beast         Ice/Summ       0%         N/A       100%        4
 Summon Lightning Spire   Summ/Air       0%         N/A       100%        4
 Agony                    Necr           0%         N/A       100%        5
 Alistair's Intoxication  Tmut/Pois      0%         N/A       100%        5
 Arcjolt                  Conj/Air       0%         1d10      100%        5
 Fireball                 Conj/Fire      0%         3d3       100%        5
 Lee's Rapid Deconstruct  Erth           0%         3d4*      100%        5
 Lightning Bolt           Conj/Air       0%         1d11      100%        5
 Metabolic Englaciation   Hex/Ice        3%         N/A       100%        5
 Summon Mana Viper        Hex/Summ       6%         N/A       100%        5
 Death Channel            Necr           0%         N/A       100%        6
 Starburst                Conj/Fire      0%         6d3       100%        6
 Statue Form              Tmut/Erth      0%         N/A       100%        6
 Summon Cactus Giant      Summ           0%         N/A       100%        6
 Enfeeble                 Hex            6%         N/A       100%        7
 Monstrous Menagerie      Summ           0%         N/A       100%        7
 Ozocubu's Refrigeration  Ice            0%         4d7       100%        7
 Summon Hydra             Summ           0%         N/A       100%        7
 Ignition                 Fire           0%         3d3       100%        8
 Maxwell's Capacitive Co  Air            0%         ∞         100%        8


Dungeon Overview and Level Annotations

Branches:
Dungeon (15/15)            Temple (1/1) D:4            Lair (5/5) D:9
  Swamp (4/4) Lair:3       Spider (4/4) Lair:3        Slime (5/5) Lair:5
    Orc (2/2) D:10            Elf (0/3) Orc:2        Vaults (0/5) D:13
 Depths (4/4) D:15            Zot (5/5) Depths:4      IceCv (visited)
Gauntlet (visited)

Altars:
Ashenzari
Cheibriados
Dithmenos
Elyvilon
Fedhas
Gozag
Hepliaklqana
Kikubaaqudgha
Makhleb
Nemelex Xobeh
Okawaru
Qazlal
Ru
Sif Muna
Trog
Uskayaw
Vehumet
Wu Jian
Xom
Yredelemnul
Zin
The Shining One

Shops:
D:8 =   Orc:1 !*   Orc:2 !?=!:

Portals:
Hell: Depths:2 Depths:3 Depths:4
Abyss: Depths:1

Annotations:
Zot:5 1 runed translucent door, Iich's ghost, legendary HOFi


Innate Abilities, Weirdness & Mutations

You are too large for most types of armour.
You have tough skin. (AC +1)
You have very sharp teeth.
You have a pair of small horns on your head.
Your body sometimes deteriorates upon taking damage.
Your flesh is heat resistant. (rF+)
Your magical capacity is extremely low. (-30% MP)
You are robust. (+10% HP)
You occasionally lose the ability to drink potions when taking damage.


Message History

Attack!
The soul eater hits browni3141's illusion.
Browni3141's illusion barely misses the soul eater.
Unknown command.
Browni3141's illusion hits the soul eater but does no damage.
Lightning courses through the soul eater!
The soul eater hits browni3141's illusion but does no damage.
The soul eater misses browni3141's illusion.
Browni3141's illusion hits the soul eater!
Something misses browni3141's illusion.
Browni3141's illusion shimmers and vanishes!
There is a stone staircase leading up here.
(D) Dungeon (T) Temple (L) Lair (S) Swamp (N) Spider Nest (M) Slime Pits (O) Orcish Mines (E) Elven Halls (V) Vaults (U) Depths (H) Hell (Z) Zot
Where to? (Enter - D:1, ? - help)
A lich comes into view.
The lich shouts!
Wuemiu comes into view.
An ice devil comes into view.
A lorocyproca comes into view.
There is a stone staircase leading up here.
You climb upwards.
There is a stone staircase leading down here.
(D) Dungeon (T) Temple (L) Lair (S) Swamp (N) Spider Nest (M) Slime Pits (O) Orcish Mines (E) Elven Halls (V) Vaults (U) Depths (H) Hell (Z) Zot
Where to? (Enter - D:1, ? - help)
There is a stone staircase leading up here.
You climb upwards.
There is a stone staircase leading down here.
A lorocyproca comes into view.
Aiming: Dig
Press: ? - help, Shift-Dir - straight line This square is covered in magical glow.
The rock shatters into small pieces.
Blink to where?
Press: ? - help, Dir - move target
As you read the scroll of blinking, it crumbles to dust.
You have escaped!

.................................
.................................
.........................########
...........................#####
..2............................##
.......######.#########.........#
.......# #.# ##........# .......#
#.## #......... ....#### ##@# ###
##.#....#. ....# #.####.#
#.#....#. ....#### #####.##.##
#.#....#. .......# #.####.##.##
#.#....#. .......# ##.##.####.#
#.#....#. .......# ##.##.####.##
#.#....#. ......## #.##.####.##
#.#....#. ......# ##.##.##.##
#.#....#. ......# ##.##.##.##
#.#(...#.


There were no monsters in sight!

Vanquished Creatures
  the Royal Jelly (Slime:5)
  2 dread liches (Zot:5)
  5 orbs of fire
  An ancient lich (Zot:5)
  7 Killer Klowns
  4 curse toes
  6 golden dragons
  A bone dragon (Depths:4)
  3 electric golems
  An iron giant (Slime:4)
  2 tentacled monstrosities
  A Hell Sentinel (D:5)
  Jorgrun (Orc:1)
  25 Orb Guardians
  14 acid blobs
  8 death cobs
  Gastronok (Orc:1)
  4 quicksilver dragons
  Kirke (Spider:1)
  4 shadow dragons
  5 thorn hunters
  7 fire giants
  2 fenstrider witches (Swamp:1)
  7 azure jellies
  5 draconian monks
  3 storm dragons
  13 rockslimes
  5 draconian knights
  2 draconian scorchers
  An iron dragon (Depths:2)
  4 frost giants
  Louise (Spider:1)
  7 ghost moths
  8 emperor scorpions
  4 angels
  3 draconian shifters
  A ghoul (Swamp:3)
  5 spectral caustic shrikes (Depths:3)
  4 draconian stormcallers
  5 draconian annihilators
  A broodmother (Spider:1)
  4 very ugly things (Depths:4)
  2 stone giants
  6 quicksilver oozes
  A deep elf demonologist (Depths:1)
  9 green draconians
  6 black draconians
  10 eleionomae
  2 lorocyprocas
  A vampire knight (Depths:3)
  5 yellow draconians
  7 red draconians
  5 bunyips
  2 minotaurs
  13 white draconians
  A green death (D:12)
  7 purple draconians
  Snorg (Orc:2)
  5 fire dragons
  3 jiangshi
  5 ettins
  5 shambling mangroves
  2 entropy weavers
  3 rakshasas
  7 great orbs of eyes
  25 hydras
  3 ice dragons
  A spriggan air mage (Depths:3)
  A catoblepas (Lair:4)
  Erica (D:8)
  An ogre mage (D:15)
  A radroach (Spider:3)
  6 ghost crabs
  2 ironbound frosthearts (IceCv)
  4 jorogumos
  6 centaur warriors
  A boulder beetle (shapeshifter) (Zot:1)
  An anaconda (Slime:3)
  14 alligators
  2 deep troll earth magi (Depths:1)
  4 two-headed ogres
  7 death yaks
  4 deep troll shamans
  6 boulder beetles
  3 vampire magi
  2 spriggan berserkers (Depths:3)
  9 tengu warriors
  Urug (D:11)
  An orc high priest (Orc:2)
  Nergalle (Lair:3)
  2 hell knights
  The ghost of cheesebisquit the Geomancer, a novice GrEE of Vehumet (D:9)
  5 skeletal warriors (D:11)
  6 iron trolls
  A fire crab (shapeshifter) (Depths:4)
  6 pharaoh ants
  2 sun moths (Spider:4)
  10 deep trolls
  5 goliath frogs
  A sea snake (Orc:2)
  2 glowing orange brains
  6 spriggan druids
  10 swamp dragons
  14 orb spiders
  A shadow demon (D:12)
  4 bog bodies
  A wizard (Depths:1)
  12 steelbarb worms
  4 orc knights
  A flayed ghost (Depths:1)
  A lindwurm (Lair:5)
  3 orc sorcerers
  2 phantasmal warriors (Depths:3)
  Pikel (D:5)
  2 oklob plants (Lair:4)
  5 cyclopes
  17 wolf spiders
  2 deep elf pyromancers
  3 will-o-the-wisps
  8 ugly things
  7 manticores
  4 shining eyes
  An elephant (Lair:4)
  A tengu skeleton (D:15)
  An ice statue (IceCv)
  18 moths of wrath
  2 molten gargoyles (Lair:5)
  4 demonic crawlers
  A frost giant skeleton (D:15)
  A water nymph (Slime:4)
  8 black mambas
  A toenail golem (D:15)
  An eye of devastation (Slime:4)
  5 torpor snails
  3 cane toads
  A yaktaur (Orc:2)
  2 unseen horrors (D:9)
  10 rime drakes
  2 efreet (D:14)
  A kobold demonologist (D:10)
  10 komodo dragons
  2 tengu conjurers (Gauntlet)
  A guardian mummy (D:15)
  11 tyrant leeches
  4 meliai
  A merfolk (Slime:3)
  A hellwing (D:5)
  10 polar bears
  2 trolls
  12 hornets
  Grinder (D:3)
  A queen bee (Lair:4)
  19 tarantellas
  Prince Ribbit (D:5)
  5 dream sheep (Lair:5)
  16 blink frogs
  64 slime creatures
  A snapping turtle (D:13)
  30 jumping spiders
  A jumping spider (shapeshifter) (D:14)
  21 culicivoras
  A spriggan skeleton (D:15)
  4 spriggans
  13 wyverns
  2 shadows
  46 yaks
  2 wraiths
  5 basilisks
  2 water elementals (Depths:2)
  A hog (Spider:1)
  4 golden eyes (Slime:5)
  3 steam dragons
  48 redbacks
  37 vampire mosquitoes
  A chaos spawn (Zot:1)
  2 wargs (D:10)
  An acid dragon (D:8)
  16 swamp worms
  8 water moccasins
  2 floating eyes
  5 hell hounds
  8 swamp drakes
  2 ice beasts
  26 orc warriors
  4 black bears
  2 sky beasts
  A boggart (D:14)
  45 wolves
  7 ogres
  13 centaurs
  2 kobold brigands
  9 bullfrogs
  2 necrophages
  A gnoll sergeant (D:9)
  5 scorpions
  A hornet simulacrum (D:15)
  39 killer bees
  8 howler monkeys
  4 electric eels
  5 lava snakes (Lair:5)
  2 jellies
  17 orc priests
  3 gnoll boudas
  4 hounds
  17 orc wizards
  A hell rat (Lair:4)
  A lightning spire (Gauntlet)
  9 gnolls
  3 river rats
  5 adders
  3 shadow imps
  3 ufetubi
  5 worms
  5 dart slugs
  64 orcs
  13 endoplasms
  4 giant cockroaches
  5 goblins
  4 hobgoblins
  3 jackals
  6 quokkas
  8 ball pythons
  2 bats
  4 frilled lizards
  17 kobolds
  6 rats
  A briar patch (Swamp:2)
1432 creatures vanquished.

Vanquished Creatures (collateral kills)
  Mara (Spider:3)
  Arachne (Spider:3)
  4 Orb Guardians
  An acid blob (Slime:5)
  A storm dragon (Depths:4)
  A draconian monk (Zot:1)
  A rockslime (Slime:5)
  A frost giant (Depths:3)
  A quicksilver ooze (Slime:4)
  A purple draconian (Zot:1)
  2 eleionomae (Swamp:1)
  A hydra (D:15)
  A catoblepas (Lair:5)
  2 dancing weapons (D:13)
  A two-headed ogre (D:15)
  A centaur warrior (D:13)
  An orc high priest (Orc:2)
  A sun moth (Spider:3)
  A skeletal warrior (D:15)
  A goliath frog (Swamp:1)
  A skyshark (Lair:5)
  A necromancer (D:15)
  An orc knight (Orc:2)
  A sphinx skeleton (D:15)
  4 ugly things (D:15)
  3 orc sorcerers (Orc:2)
  A moth of wrath (Zot:4)
  A will-o-the-wisp (Swamp:1)
  A cyclops (D:13)
  A manticore (Lair:5)
  2 demonic crawlers (Spider:1)
  Maurice (D:13)
  2 eyes of devastation
  Maggie (D:10)
  2 cane toads (Lair:5)
  2 rime drakes
  Psyche (D:9)
  2 trolls
  4 slime creatures
  Sigmund (D:5)
  A spriggan (Lair:5)
  4 yaks (D:9)
  A vampire (D:12)
  3 redbacks
  A wyvern (Lair:5)
  A basilisk (Lair:5)
  A warg (Orc:2)
  A swamp worm (Swamp:1)
  3 orc warriors (Orc:2)
  An ogre (Orc:2)
  2 centaurs (Orc:2)
  A killer bee (Lair:4)
  2 orc priests (D:3)
  An orc wizard (Orc:2)
  8 orcs
  An endoplasm (D:3)
90 creatures vanquished.

Vanquished Creatures (others)
  A draconian stormcaller (Zot:3)
  A green draconian (Zot:3)
  A yellow draconian (Zot:1)
  A hydra (Swamp:1)
  A death yak (IceCv)
  A tyrant leech (Swamp:3)
  5 bloated husks
  A jumping spider (Spider:1)
  A wyvern (D:7)
  2 killer bees (Lair:4)
  An orc wizard (D:5)
  An orc (Orc:1)
  11 foxfires
  12 fungi
  5 pillars of salt (Zot:1)
  24 plants
  A toadstool (D:1)
  13 withered plants
83 creatures vanquished.

Grand Total: 1605 creatures vanquished

Notes
Turn   | Place    | Note
-------+----------+-------------------------------------------
     0 | D:1      | browni3141 the Ogre Brigand began the quest for the Orb.
     0 | D:1      | Reached XP level 1. HP: 22/22 MP: 1/1
   162 | D:1      | Found a faded altar of an unknown god.
   185 | D:1      | Prayed at the altar of an unknown god.
   185 | D:1      | Became a worshipper of Nemelex Xobeh the Trickster
   185 | D:1      | Reached * piety under Nemelex Xobeh
   185 | D:1      | Received a gift from Nemelex Xobeh
   433 | D:1      | Reached XP level 2. HP: 31/31 MP: 2/2
   670 | D:1      | Reached XP level 3. HP: 40/40 MP: 3/3
  1208 | D:2      | Found a snail-covered altar of Cheibriados.
  1240 | D:2      | Reached skill level 1 in Invocations
  1250 | D:2      | Reached skill level 1 in Ranged Weapons
  1250 | D:2      | Reached XP level 4. HP: 48/49 MP: 4/4
  1303 | D:2      | You fall into a shaft and drop 1 floor!
  1306 | D:3      | Reached ** piety under Nemelex Xobeh
  1326 | D:3      | Reached XP level 5. HP: 28/55 MP: 4/6
  1327 | D:3      | Reached skill level 5 in Fighting
  1568 | D:2      | Received a gift from Nemelex Xobeh
  1998 | D:3      | Noticed Grinder
  2008 | D:3      | Paralysed by Grinder for 3 turns
  2012 | D:3      | Paralysed by Grinder for 5 turns
  2017 | D:3      | Killed Grinder
  2018 | D:3      | Reached XP level 6. HP: 66/66 MP: 7/9
  2130 | D:3      | Received a gift from Nemelex Xobeh
  2240 | D:3      | Noticed a sky beast
  2282 | D:3      | Killed a sky beast
  2283 | D:3      | Reached XP level 7. HP: 48/72 MP: 10/10
  2503 | D:4      | Reached skill level 5 in Invocations
  2607 | D:4      | Identified the +3 sling of the Boiling Point {speed, rC-
                  | SInv Stlth+}
  2731 | D:4      | Reached *** piety under Nemelex Xobeh
  2878 | D:4      | Received a gift from Nemelex Xobeh
  2922 | D:4      | Found a staircase to the Ecumenical Temple.
  3476 | Temple   | Entered the Ecumenical Temple
  3718 | D:5      | Entered Level 5 of the Dungeon
  3731 | D:5      | Noticed Sigmund
  3746 | D:5      | Killed Sigmund
  3811 | D:5      | Reached XP level 8. HP: 64/84 MP: 12/12
  4034 | D:5      | Noticed Pikel
  4058 | D:5      | Killed Pikel
  4339 | D:5      | Received a gift from Nemelex Xobeh
  4653 | D:5      | Reached XP level 9. HP: 92/100 MP: 15/15
  4813 | D:5      | Noticed Prince Ribbit
  4833 | D:5      | Killed Prince Ribbit
  5005 | D:5      | Found a glowing golden altar of the Shining One.
  5053 | D:5      | Reached **** piety under Nemelex Xobeh
  6034 | D:6      | Reached skill level 10 in Fighting
  6044 | D:6      | Received a gift from Nemelex Xobeh
  6564 | D:6      | Received a gift from Nemelex Xobeh
  6954 | D:6      | Identified the +11 mace of Ugejat {heavy, rC+ Will+}
  7003 | D:6      | Found a broken altar of Ashenzari.
  7004 | D:6      | Found a shadowy altar of Dithmenos.
  7106 | D:6      | Received a gift from Nemelex Xobeh
  7250 | D:6      | Reached ***** piety under Nemelex Xobeh
  7433 | D:7      | Reached skill level 1 in Maces & Flails
  7433 | D:7      | Reached skill level 1 in Evocations
  7490 | D:7      | Received a gift from Nemelex Xobeh
  8477 | D:8      | Reached XP level 10. HP: 62/113 MP: 17/17
  8770 | D:8      | Found a stormy altar of Qazlal.
  8770 | D:8      | Found an ornate altar of the Wu Jian Council.
  8771 | D:8      | Found a basalt altar of Yredelemnul.
  8777 | D:8      | Found an iron altar of Okawaru.
  8779 | D:8      | Received a gift from Nemelex Xobeh
  9186 | D:8      | Noticed Erica
  9201 | D:8      | Killed Erica
  9202 | D:8      | Reached skill level 10 in Invocations
  9362 | D:8      | Found Gukad's Jewellery Shop.
  9785 | D:9      | Noticed Psyche
  9829 | D:9      | Received a gift from Nemelex Xobeh
 10054 | D:9      | Killed Psyche
 10075 | D:9      | Found a runed translucent door.
 10092 | D:9      | Found a staircase to the Lair.
 10092 | D:9      | Noticed cheesebisquit's ghost (novice GrEE)
 10153 | D:9      | Found a runed translucent door.
 10155 | D:9      | Noticed a deep elf pyromancer
 10222 | D:9      | Identified the +0 quarterstaff of a volcano {flame, rPois
                  | MP+9}
 10225 | D:9      | Reached skill level 5 in Maces & Flails
 10246 | D:9      | Killed an unseen horror
 10370 | D:9      | Killed an unseen horror
 10371 | D:9      | Reached XP level 11. HP: 60/123 MP: 18/18
 10551 | D:9      | Noticed a two-headed ogre
 10556 | D:9      | a two-headed ogre changed into a floating eye
 10947 | D:9      | Reached skill level 5 in Throwing
 11138 | D:9      | Found a bloodstained altar of Trog.
 11341 | D:9      | Killed a deep elf pyromancer
 11470 | D:10     | Entered Level 10 of the Dungeon
 11505 | D:10     | Found a staircase to the Orcish Mines.
 11697 | D:10     | Received a gift from Nemelex Xobeh
 11703 | D:10     | Noticed a sixfirhy
 11707 | D:10     | Reached skill level 1 in Shields
 12063 | D:10     | Noticed Maggie
 12077 | D:10     | Killed Maggie
 12339 | Orc:1    | Entered Level 1 of the Orcish Mines
 12742 | D:10     | Reached skill level 1 in Armour
 12986 | Orc:1    | Noticed Jorgrun
 12997 | Orc:1    | Killed Jorgrun
 12998 | Orc:1    | Reached XP level 12. HP: 91/133 MP: 20/20
 13004 | Orc:1    | Found Lany's Gadget Gallery.
 13610 | Orc:1    | Received a gift from Nemelex Xobeh
 13653 | Orc:1    | Bought a phantom mirror for 560 gold pieces
 13660 | Orc:2    | Entered Level 2 of the Orcish Mines
 13683 | Orc:2    | Found a staircase to the Elven Halls.
 13686 | Orc:2    | Noticed a two-headed ogre
 13695 | Orc:2    | a two-headed ogre changed into a sea snake
 13705 | Orc:2    | Noticed a centaur warrior
 13712 | Orc:2    | Killed a centaur warrior
 13715 | Orc:2    | Noticed a centaur warrior
 14954 | Orc:2    | Noticed a two-headed ogre
 14965 | Orc:2    | Killed a two-headed ogre
 15003 | Orc:2    | Found Sib Kun's Distillery.
 15046 | Orc:2    | Killed a centaur warrior
 15047 | Orc:2    | Reached skill level 5 in Shields
 15165 | Orc:2    | Noticed an orc high priest
 15168 | Orc:2    | Killed an orc high priest
 15173 | Orc:2    | Reached XP level 13. HP: 94/144 MP: 21/21
 15179 | Orc:2    | Received a gift from Nemelex Xobeh
 15199 | Orc:2    | Found Memiplog's Jewellery Shoppe.
 15199 | Orc:2    | Found Lehadere's Distillery.
 15201 | Orc:2    | Found Ycetwosm's Book Shop.
 15203 | Orc:2    | Found Kagelo's Magic Scroll Emporium.
 15255 | Orc:2    | Received a gift from Nemelex Xobeh
 15328 | Orc:2    | Noticed Snorg
 15342 | Orc:2    | Killed Snorg
 15769 | Orc:1    | Noticed Gastronok
 15873 | Orc:1    | Killed Gastronok
 15877 | Orc:1    | Found Ceipt's Distillery.
 16014 | Orc:1    | Bought a potion of might for 48 gold pieces
 16014 | Orc:1    | Bought a potion of invisibility for 96 gold pieces
 16014 | Orc:1    | Bought a potion of lignification for 36 gold pieces
 16037 | Orc:2    | Bought a potion of ambrosia for 128 gold pieces
 16037 | Orc:2    | Bought a potion of flight for 48 gold pieces
 16037 | Orc:2    | Bought a potion of degeneration for 16 gold pieces
 16072 | Orc:2    | Bought a scroll of acquirement for 624 gold pieces
 16072 | Orc:2    | Bought a scroll of butterflies for 48 gold pieces
 16080 | Orc:2    | Acquired a +1 demon whip of electrocution
 16191 | Lair:1   | Entered Level 1 of the Lair of Beasts
 16284 | Lair:1   | Received a gift from Nemelex Xobeh
 16626 | Lair:1   | Received a gift from Nemelex Xobeh
 16630 | Lair:1   | Found a frozen archway.
 16810 | IceCv    | Entered an ice cave
 17172 | IceCv    | Found the +3 giant club "Skullcrusher" {speed, Str+7}
 17241 | IceCv    | Reached skill level 10 in Throwing
 17340 | IceCv    | Reached skill level 10 in Maces & Flails
 17948 | IceCv    | Reached XP level 14. HP: 132/157 MP: 23/23
 18476 | IceCv    | Found the +27 heavy crossbow "Sniper" {heavy, Acc+∞ SInv}
 18728 | Lair:1   | Received a gift from Nemelex Xobeh
 19003 | Lair:1   | Reached ****** piety under Nemelex Xobeh
 19349 | Lair:2   | Received a gift from Nemelex Xobeh
 19526 | Lair:2   | Received a gift from Nemelex Xobeh
 19751 | Lair:2   | Received a gift from Nemelex Xobeh
 19998 | Lair:2   | Received a gift from Nemelex Xobeh
 20148 | Lair:2   | Identified the +7 great sword "Uduics" {heavy, rElec Int-4
                  | SInv Stlth+}
 20692 | Lair:3   | Received a gift from Nemelex Xobeh
 20825 | Lair:3   | Noticed Nergalle
 20833 | Lair:3   | Killed Nergalle
 20949 | Lair:3   | Reached skill level 15 in Fighting
 21193 | Lair:3   | Found a staircase to the Swamp.
 21537 | Lair:3   | Found a hole to the Spider Nest.
 21735 | Lair:3   | Received a gift from Nemelex Xobeh
 22088 | Lair:4   | Received a gift from Nemelex Xobeh
 22465 | Lair:4   | Received a gift from Nemelex Xobeh
 22773 | Lair:4   | Received a gift from Nemelex Xobeh
 23473 | Lair:5   | Entered Level 5 of the Lair of Beasts
 23834 | Lair:5   | Reached skill level 5 in Evocations
 23967 | Lair:5   | Found a staircase to the Slime Pits.
 24269 | Lair:5   | Reached XP level 15. HP: 89/167 MP: 25/25
 24627 | Lair:5   | Found a large runed translucent door.
 24627 | Lair:5   | Found a large runed translucent door.
 24920 | Lair:5   | Received a gift from Nemelex Xobeh
 26479 | D:9      | Killed cheesebisquit's ghost
 26570 | D:11     | Noticed Urug
 26578 | D:11     | Killed Urug
 26657 | D:11     | Received a gift from Nemelex Xobeh
 27874 | D:12     | Received a gift from Nemelex Xobeh
 28546 | D:12     | Received a gift from Nemelex Xobeh
 29782 | D:13     | Received a gift from Nemelex Xobeh
 29812 | D:13     | Identified the +1 long sword of the Brewing Viper {elec,
                  | rN+ Will+ MP+9}
 29827 | D:13     | Noticed Maurice
 29833 | D:13     | Killed Maurice
 29843 | D:13     | Found the +1 cloak of Starlight {*Dazzle EV+4 Stlth--}
 29849 | D:13     | Found a gate to the Vaults.
 30233 | D:14     | Received a gift from Nemelex Xobeh
 30255 | D:14     | Identified the +4 falchion of Departure {heavy, rCorr
                  | Int+5}
 30272 | D:14     | Got the Compendium of Production
 31010 | D:14     | Reached XP level 16. HP: 166/179 MP: 26/26
 31153 | D:14     | Received a gift from Nemelex Xobeh
 31452 | D:15     | Entered Level 15 of the Dungeon
 31701 | D:15     | Found a gate leading to a gauntlet.
 31746 | Gauntlet | Entered a Gauntlet
 31746 | Gauntlet | Found a transporter.
 31746 | Gauntlet | Found a transporter.
 31746 | Gauntlet | Received a gift from Nemelex Xobeh
 32043 | Gauntlet | Found a transporter.
 32061 | Gauntlet | Found a transporter.
 32061 | Gauntlet | Found a transporter.
 32061 | Gauntlet | Found a transporter.
 32064 | Gauntlet | Found a transporter.
 32064 | Gauntlet | Found a transporter.
 32079 | Gauntlet | Found a transporter.
 32095 | Gauntlet | Found a transporter.
 32105 | Gauntlet | Found a transporter.
 32122 | Gauntlet | Found a transporter.
 32140 | Gauntlet | Found a transporter.
 32153 | Gauntlet | Found a transporter.
 32337 | Gauntlet | a fire giant changed into a fenstrider witch
 32337 | Gauntlet | Noticed a fenstrider witch (glowing shapeshifter)
 32341 | Gauntlet | a fenstrider witch changed into a shadow dragon
 32341 | Gauntlet | Noticed a shadow dragon (glowing shapeshifter)
 32342 | Gauntlet | a shadow dragon changed into an iron giant
 32342 | Gauntlet | Noticed an iron giant (glowing shapeshifter)
 32353 | Gauntlet | an iron giant changed into a shadow dragon
 32353 | Gauntlet | Noticed a shadow dragon (glowing shapeshifter)
 32358 | Gauntlet | a shadow dragon changed into an eleionoma
 32359 | Gauntlet | an eleionoma changed into an azure jelly
 32359 | Gauntlet | Noticed an azure jelly (glowing shapeshifter)
 32362 | Gauntlet | an azure jelly changed into a dire elephant
 32380 | Gauntlet | a stone giant changed into a quicksilver dragon
 32380 | Gauntlet | Noticed a quicksilver dragon (glowing shapeshifter)
 32385 | Gauntlet | a quicksilver dragon changed into an emperor scorpion
 32386 | Gauntlet | an emperor scorpion changed into a storm dragon
 32386 | Gauntlet | Noticed a storm dragon (glowing shapeshifter)
 32388 | Gauntlet | a storm dragon changed into an emperor scorpion
 32429 | Gauntlet | a six-headed hydra changed into a sphinx
 32429 | Gauntlet | Noticed a sphinx (glowing shapeshifter)
 32433 | Gauntlet | Identified the ring "Cieq" {rF++ Dex+6 Slay+3}
 32440 | Gauntlet | a sphinx changed into a stone giant
 32444 | Gauntlet | a stone giant changed into an azure jelly
 32444 | Gauntlet | Noticed an azure jelly (glowing shapeshifter)
 32446 | Gauntlet | an azure jelly changed into a fire giant
 32464 | Gauntlet | an eleionoma changed into an azure jelly
 32464 | Gauntlet | Noticed an azure jelly (glowing shapeshifter)
 32476 | Gauntlet | an azure jelly changed into a fenstrider witch
 32476 | Gauntlet | Noticed a fenstrider witch (glowing shapeshifter)
 32477 | Gauntlet | a fenstrider witch changed into an emperor scorpion
 32493 | Gauntlet | Identified the +8 trident of Zin's Felicitations {freeze,
                  | rF+ Dex+5}
 32522 | Gauntlet | Got the Dissertation on Kindling and Exhumation
 32524 | Gauntlet | Identified the +2 pair of boots of the Arcane {Str+2}
 32524 | Gauntlet | Identified the +5 war axe of Ilehinur {venom, Str+6}
 32720 | D:15     | Found a staircase to the Depths.
 33357 | Spider:1 | Entered Level 1 of the Spider Nest
 33362 | Spider:1 | Reached skill level 1 in Dodging
 34303 | Spider:1 | Noticed Louise
 34318 | Spider:1 | Killed Louise
 34337 | Spider:1 | You fall into a shaft and drop 1 floor!
 34337 | Spider:2 | Received a gift from Nemelex Xobeh
 34763 | Spider:2 | Reached XP level 17. HP: 187/191 MP: 28/28
 34881 | Spider:1 | Noticed Kirke
 34902 | Spider:1 | Killed Kirke
 35063 | Spider:1 | Reached skill level 10 in Shields
 35222 | Spider:1 | Reached skill level 15 in Invocations
 35628 | Spider:2 | Reached skill level 15 in Throwing
 36179 | Orc:2    | Bought a ring of see invisible for 150 gold pieces
 37063 | Spider:3 | Received a gift from Nemelex Xobeh
 37590 | Spider:3 | Identified the amulet "Vuuxuh" {RegenMP Rampage}
 37942 | Spider:3 | Received a gift from Nemelex Xobeh
 38214 | Spider:3 | Noticed Arachne
 38249 | Spider:3 | Killed Arachne
 38273 | Spider:3 | Noticed Mara
 38280 | Spider:4 | Entered Level 4 of the Spider Nest
 38902 | Spider:3 | Identified the +12 halberd of Armageddon {heavy, Str+3}
 38966 | Spider:3 | Killed Mara
 39883 | Spider:4 | Received a gift from Nemelex Xobeh
 40933 | Spider:4 | Reached XP level 18. HP: 195/205 MP: 20/29
 41052 | Spider:4 | Got a gossamer rune of Zot
 41588 | Swamp:1  | Entered Level 1 of the Swamp
 41700 | Lair:3   | HP: 10/205 [poison (poison gas)]
 41705 | Lair:3   | HP: 7/205 [poison (poison gas)]
 42260 | Swamp:1  | Received a gift from Nemelex Xobeh
 42970 | Swamp:1  | Received a gift from Nemelex Xobeh
 43382 | Swamp:1  | Received a gift from Nemelex Xobeh
 43797 | Orc:2    | Bought a scroll of enchant weapon for 90 gold pieces
 43797 | Orc:2    | Bought a scroll of vulnerability for 48 gold pieces
 43797 | Orc:2    | Bought a scroll of enchant armour for 90 gold pieces
 43804 | Orc:2    | Bought a potion of curing for 48 gold pieces
 43804 | Orc:2    | Bought a potion of curing for 48 gold pieces
 43804 | Orc:2    | Bought a potion of heal wounds for 80 gold pieces
 43804 | Orc:2    | Bought 2 potions of cancellation for 256 gold pieces
 43804 | Orc:2    | Bought a potion of curing for 48 gold pieces
 43804 | Orc:2    | Bought a potion of mutation for 128 gold pieces
 43804 | Orc:2    | Bought a potion of haste for 160 gold pieces
 44076 | Swamp:2  | Reached skill level 5 in Dodging
 45348 | Swamp:3  | Received a gift from Nemelex Xobeh
 45631 | Swamp:3  | Received a gift from Nemelex Xobeh
 45725 | Swamp:3  | Received a gift from Nemelex Xobeh
 45886 | Swamp:3  | Identified the +6 quarterstaff of Truth {venom, rN+}
 46475 | Swamp:3  | Reached XP level 19. HP: 202/215 MP: 31/31
 46500 | Swamp:3  | Found the +8 whip "Snakebite" {venom, curare, rPois}
 47053 | Swamp:4  | Entered Level 4 of the Swamp
 47935 | Swamp:4  | Got a decaying rune of Zot
 48371 | Swamp:4  | Received a gift from Nemelex Xobeh
 49273 | Slime:1  | Entered Level 1 of the Pits of Slime
 49618 | Slime:1  | Reached XP level 20. HP: 227/227 MP: 32/32
 49818 | Slime:1  | Received a gift from Nemelex Xobeh
 50062 | Slime:2  | Gained mutation: You occasionally lose the ability to read
                  | scrolls when taking damage. [a shining eye]
 50274 | Slime:4  | Noticed Dissolution
 50282 | Slime:4  | Gained mutation: You have hidden genetic defects. [a
                  | shining eye]
 50283 | Slime:4  | Dissolution changed into Dissolution the stone giant
 50283 | Slime:4  | Noticed Dissolution
 50285 | Slime:4  | Killed Dissolution the stone giant
 50774 | Slime:5  | Entered Level 5 of the Pits of Slime
 51154 | Slime:5  | Noticed the Royal Jelly
 51414 | Slime:4  | Received a gift from Nemelex Xobeh
 51482 | Slime:4  | Gained mutation: You sometimes lose your temper in combat.
                  | [hidden defects]
 51484 | Slime:4  | Lost mutation: You occasionally lose the ability to read
                  | scrolls when taking damage. [potion of mutation]
 51484 | Slime:4  | Lost mutation: You sometimes lose your temper in combat.
                  | [potion of mutation]
 51484 | Slime:4  | Gained mutation: You are occasionally teleported next to
                  | monsters. [potion of mutation]
 51484 | Slime:4  | Gained mutation: You are strong-willed. (Will+) [potion of
                  | mutation]
 51484 | Slime:4  | Gained mutation: You have a somewhat thin skeletal
                  | structure. (Dex +2, Stealth+) [potion of mutation]
 51485 | Slime:4  | Lost mutation: You have hidden genetic defects. [potion of
                  | mutation]
 51485 | Slime:4  | Lost mutation: You are strong-willed. (Will+) [potion of
                  | mutation]
 51485 | Slime:4  | Lost mutation: You have a somewhat thin skeletal structure.
                  | (Dex +2, Stealth+) [potion of mutation]
 51485 | Slime:4  | Gained mutation: You occasionally lose the ability to read
                  | scrolls when taking damage. [potion of mutation]
 51485 | Slime:4  | Gained mutation: You are strong-willed. (Will+) [potion of
                  | mutation]
 51485 | Slime:4  | Gained mutation: Your muscles are strong. (Str +4, Int/Dex
                  | -1) [potion of mutation]
 51486 | Slime:4  | Lost mutation: You occasionally lose the ability to read
                  | scrolls when taking damage. [potion of mutation]
 51486 | Slime:4  | Lost mutation: Your muscles are strong. (Str +4, Int/Dex
                  | -1) [potion of mutation]
 51486 | Slime:4  | Gained mutation: You have a pair of small horns on your
                  | head. [potion of mutation]
 51486 | Slime:4  | Gained mutation: Your system is resistant to poisons.
                  | (rPois) [potion of mutation]
 51487 | Slime:4  | Lost mutation: You are occasionally teleported next to
                  | monsters. [potion of mutation]
 51487 | Slime:4  | Lost mutation: Your system is resistant to poisons. (rPois)
                  | [potion of mutation]
 51487 | Slime:4  | Lost mutation: You are strong-willed. (Will+) [potion of
                  | mutation]
 51487 | Slime:4  | Gained mutation: Your magical capacity is low. (-10% MP)
                  | [potion of mutation]
 51487 | Slime:4  | Gained mutation: You are robust. (+10% HP) [potion of
                  | mutation]
 51986 | Slime:4  | an acid blob changed into an iron giant
 51986 | Slime:4  | Noticed an iron giant
 51996 | Slime:4  | Killed an iron giant
 52123 | Slime:5  | Paralysed by a great orb of eyes for 5 turns
 52139 | Slime:4  | Reached XP level 21. HP: 58/262 MP: 22/30
 52571 | Slime:5  | Received a gift from Nemelex Xobeh
 52805 | Slime:5  | Killed the Royal Jelly
 53004 | Slime:5  | Received a gift from Nemelex Xobeh
 53075 | Slime:5  | Got a slimy rune of Zot
 53076 | Slime:5  | Identified the +1 shortbow "Qastrodo" {freeze, rC++}
 53094 | Slime:5  | Identified the +0 barding of Entitlement {rN+ Regen+ rCorr
                  | Int+3}
 53117 | Slime:5  | Identified the +4 quarterstaff "Giantslayer" {freeze, Str+3
                  | Int+3 Stlth+}
 53131 | Slime:5  | Got the Treatise on Toxic Interference
 53244 | Slime:5  | Received a gift from Nemelex Xobeh
 53748 | Depths:1 | Entered Level 1 of the Depths
 53797 | Depths:1 | Found a one-way gate to the infinite horrors of the Abyss.
 54747 | Depths:2 | Found a gateway to Hell.
 55369 | Depths:3 | Received a gift from Nemelex Xobeh
 56090 | Depths:3 | Noticed a golden dragon
 56110 | Depths:3 | Killed a golden dragon
 56844 | Depths:4 | Entered Level 4 of the Depths
 56858 | Depths:4 | Noticed a golden dragon
 56876 | Depths:4 | Killed a golden dragon
 56925 | Depths:4 | Reached skill level 15 in Shields
 57925 | Depths:4 | Reached XP level 22. HP: 282/282 MP: 32/32
 58099 | Depths:4 | Received a gift from Nemelex Xobeh
 58254 | Depths:4 | Learned a level 3 spell: Portal Projectile
 58288 | Depths:4 | Found a gate to the Realm of Zot.
 58429 | Zot:1    | Entered Level 1 of the Realm of Zot
 58458 | Zot:1    | Reached skill level 1 in Translocations
 58464 | Zot:1    | Reached skill level 1 in Hexes
 58770 | Zot:1    | Noticed a golden dragon
 58775 | Zot:1    | Killed a golden dragon
 58776 | Zot:1    | Reached skill level 1 in Spellcasting
 59324 | Zot:1    | Noticed a Killer Klown
 59332 | Zot:1    | Killed a Killer Klown
 59341 | Zot:1    | You fall into a shaft and drop 1 floor!
 59341 | Zot:2    | Noticed a curse toe
 59355 | Zot:2    | Killed a curse toe
 59730 | Zot:1    | Received a gift from Nemelex Xobeh
 59745 | Zot:1    | Noticed a Killer Klown
 59951 | Zot:1    | Killed a Killer Klown
 60633 | Zot:1    | Noticed a Killer Klown
 60650 | Zot:1    | Killed a Killer Klown
 61475 | Zot:3    | Received a gift from Nemelex Xobeh
 61482 | Zot:3    | Noticed a curse toe
 61495 | Zot:3    | Killed a curse toe
 61609 | Zot:3    | Reached skill level 5 in Hexes
 61609 | Zot:3    | Reached skill level 5 in Translocations
 61750 | Zot:3    | Noticed a golden dragon
 61762 | Zot:3    | Killed a golden dragon
 61793 | Zot:3    | Noticed a curse toe
 61815 | Zot:3    | Killed a curse toe
 62292 | Zot:4    | Reached XP level 23. HP: 235/275 MP: 33/33
 62304 | Zot:4    | Noticed a curse toe
 62312 | Zot:4    | Killed a curse toe
 62703 | Zot:4    | Noticed an orb of fire
 62714 | Zot:4    | Gained mutation: Your magical capacity is very low. (-20%
                  | MP) [an orb of fire]
 62714 | Zot:4    | Gained mutation: You have very sharp teeth. [an orb of
                  | fire]
 62715 | Zot:4    | Gained mutation: You occasionally lose the ability to drink
                  | potions when taking damage. [an orb of fire]
 62719 | Zot:4    | Killed an orb of fire
 62876 | Zot:4    | Noticed a golden dragon
 62894 | Zot:4    | Killed a golden dragon
 64107 | Zot:5    | Entered Level 5 of the Realm of Zot
 64107 | Zot:5    | Received a gift from Nemelex Xobeh
 64367 | Zot:5    | Found a runed translucent door.
 64367 | Zot:5    | Noticed Iich's ghost (legendary HOFi)
 64624 | Zot:5    | Noticed a golden dragon
 64630 | Zot:5    | Killed a golden dragon
 65049 | Zot:5    | Received a gift from Nemelex Xobeh
 66058 | Orc:2    | Bought a book of Party Tricks for 240 gold pieces
 66060 | Orc:2    | Learned a level 1 spell: Apportation
 66602 | Zot:5    | Noticed an orb of fire
 66603 | Zot:5    | Noticed a Killer Klown
 66608 | Zot:5    | Gained mutation: Your body sometimes deteriorates upon
                  | taking damage. [an orb of fire]
 66612 | Zot:5    | Killed an orb of fire
 66612 | Zot:5    | Noticed a dread lich
 66615 | Zot:5    | Killed a dread lich
 66616 | Zot:5    | Noticed a Killer Klown
 66617 | Zot:5    | Noticed an orb of fire
 66620 | Zot:5    | Noticed a Killer Klown
 66629 | Zot:5    | Killed an orb of fire
 66631 | Zot:5    | Killed a Killer Klown
 66648 | Zot:5    | Killed a Killer Klown
 66662 | Zot:5    | Killed a Killer Klown
 66973 | Zot:5    | Noticed an orb of fire
 66973 | Zot:5    | Noticed an orb of fire
 66974 | Zot:5    | Gained mutation: Your flesh is heat resistant. (rF+) [an
                  | orb of fire]
 66979 | Zot:5    | Noticed a Killer Klown
 66989 | Zot:5    | Killed an orb of fire
 66996 | Zot:5    | Noticed an ancient lich
 66997 | Zot:5    | Gained mutation: Your magical capacity is extremely low.
                  | (-30% MP) [an orb of fire]
 66998 | Zot:5    | Noticed a dread lich
 67003 | Zot:5    | Killed an orb of fire
 67021 | Zot:5    | Reached XP level 24. HP: 250/305 MP: 20/25
 67025 | Zot:5    | Killed a dread lich
 67046 | Zot:5    | Killed an ancient lich
 67055 | Zot:5    | Killed a Killer Klown
 67312 | Zot:5    | Received a gift from Nemelex Xobeh
 67865 | Zot:5    | Got the Orb of Zot
 67905 | Zot:5    | Noticed Funa the pandemonium lord
 68708 | D:3      | Noticed Wuemiu the pandemonium lord
 68749 | D:$      | Escaped with the Orb!

Illustrated notes

Levels and vault maps discovered:
D:1:      nagdon_arrival_zigzag_paths, layout_basic,
          ebering_ecumenical_altar_mist
D:2:      layout_basic, basic_altar, minmay_misc_feat_nine_boxes
D:3:      layout_rooms, uniq_grinder
D:4:      layout_gridville, temple_statues
D:5:      layout_basic, general_overflow_altar, chequers_serial_rivers_large_b,
          minivault_26, uniq_pikel, uniq_prince_ribbit1, uniq_sigmund
D:6:      layout_layer_cave, nicolae_overflow_two_pavilions
D:7:      layout_rooms, glass_columns_c, lemuel_flamethrower_2
D:8:      layout_basic, nicolae_overflow_quartered_altars, serial_shops,
          nicolae_shop_crystal, uniq_erica
D:9:      layout_irregular_city, trog_book, lair_entry_dummy,
          gammafunk_ghost_grave, minmay_st_funbox, nrook_loot_triangle,
          hangedman_abyss_or_decor_clamps, uniq_psyche
D:10:     layout_roguey, orc_0_dummy, chequers_hall_statues_corner_a,
          minivault_10, uniq_maggie
D:11:     layout_basic, uniq_urug
D:12:     layout_loops_corners, nicolae_twisting_strands
D:13:     layout_rooms, erik_vaults_1, uniq_maurice
D:14:     kennysheep_blocky_hall, layout_cave_pools, serial_rivers,
          chequers_serial_rivers_micro_b, chequers_serial_rivers_room_b,
          chequers_serial_rivers_micro_c, chequers_serial_rivers_small_3,
          chequers_serial_rivers_small_3, minmay_misc_feat_tiny, library_closet,
          item_on_display_b
D:15:     gammafunk_depths_entry_grave, layout_cave_pools,
          gauntlet_entry_generic
Temple:   dpeg_chambers_temple
Lair:1:   layout_regular_city, portal_ice_cave_rime, serial_bayou_ford_a,
          grunt_megastairs_2
Lair:2:   layout_small_grid, beast_lair_carwin_4, grunt_megastairs_1
Lair:3:   layout_layer_cave, skrybe_swamp_entry_bodies,
          hellmonk_spider_entry_not_the_bees, infiniplex_staircase_pool,
          uniq_nergalle
Lair:4:   regret_index_harrowing_hell_hive, layout_small_grid
Lair:5:   cheibrodos_lair_end_hotspot, layout_cave_pods,
          nicolae_slime_entry_slimehenge, grunt_forest_large_clearing_hut
Swamp:1:  nicolae_swamp_wrong_neighborhood, layout_basic_swamp,
          serial_swamp_ruin, evilmike_swamp_ruin_house_1,
          evilmike_swamp_ruin_rubble_2, evilmike_swamp_ruin_house_3,
          swamp_pool3, grunt_witch_cave
Swamp:2:  layout_falls_marsh, hangedman_swamp_ruin_wall, swamp_pool5,
          nicolae_swamp_fairy_circle
Swamp:3:  nzn_winding_woodlands_medium [nzn_winding_woodlands_5x5_checkerboard,
          nzn_winding_woodlands_5x15_twine, nzn_winding_woodlands_5x5_default,
          nzn_winding_woodlands_5x5_open_star,
          nzn_winding_woodlands_center_triple_pond,
          nzn_winding_woodlands_5x5_perimeter, nzn_winding_woodlands_5x5_three,
          nzn_winding_woodlands_5x15_pathside_ponds,
          nzn_winding_woodlands_5x5_closed_star], layout_basic_swamp,
          evilmike_swamp_ruin_house_2
Swamp:4:  swamp_alternative, layout_basic_swamp
Spider:1: layout_spider_delve, uniq_kirke, uniq_louise
Spider:2: layout_spider_delve, drop_trap, nicolae_spider_swamp_cousins
Spider:3: layout_spider_delve, uniq_arachne, uniq_mara
Spider:4: grunt_spider_rune_circles, spiders_nest_the_unseen
Slime:1:  layout_caves, nicolae_slime_phagocytosis
Slime:2:  layout_caves
Slime:3:  cheibrodos_slime_lost_civilization_10, layout_caves
Slime:4:  layout_caves, uniq_dissolution
Slime:5
Orc:1:    layout_caves, serial_shops, nicolae_shop_crystal, basic_altar,
          nicolae_shop_gadgets, uniq_gastronok, uniq_jorgrun
Orc:2:    st_orc_rangers, layout_caves, serial_shops, nicolae_shop_waterfront,
          uniq_snorg
Depths:1: layout_gridlike, grunt_metal_band,
          nicolae_abyss_entry_one_way_or_another, minmay_misc_feat_alley,
          slow_altar_2, grunt_megastairs_3, roderic_lattice_octagonal_star
Depths:2: minmay_nested_s, layout_gridlike, rand_demon_pan_entry_8,
          grunt_hell_entry_dis_mu, kennysheep_crisscross, abyss_entry_glasseish,
          infiniplex_staircase_zigzag_1
Depths:3: minmay_expanding_squares, layout_gridville, minmay_room_of_horrors,
          pf_hell_entry_tar_river, minmay_door_square, infiniplex_staircase_x,
          serial_bayou_shore_b
Depths:4: grunt_zot_entry_gee_three, layout_honeycomb, enter_ziggurat_b,
          hell_entry, nicolae_concentric_dashed_squares_mild
Zot:1:    dreamdust_zin_vs_xom, layout_concentric_octagons,
          amethyst_zot_foddershock
Zot:2:    layout_gridlike
Zot:3:    layout_cellular_growth, zot_minivault_7, grunt_megastairs_4
Zot:4:    layout_basic, hangedman_zot_spectrum
Zot:5:    layout_basic, gammafunk_ghost_grave, grunt_ministairs_14

Skill      XL: |  1  2  3  4  5  6  7  8  9 10 11 12 13 14 15 16 17 18 19 20 21 22 23 24 |
---------------+-------------------------------------------------------------------------+-----
Fighting       | 3 4 5 6 9 11 12 13 14 15 16 17 18 19 20 22 23 | 23.0
Invocations    | 1 2 4 6 8 9 10 11 12 13 14 15 16 17 19 20 | 20.0
Ranged Weapons | 1 2 3 |  3.0
Maces & Flails | 2 5 7 8 10 11 12 | 12.0
Evocations     | 2 4 5 6 |  6.0
Throwing       | 4 6 8 10 11 13 14 16 17 18 19 22 23 | 23.4
Shields        | 3 5 7 9 10 12 13 14 15 | 15.0
Armour         | 1 4 |  4.0
Dodging        | 3 4 5 6 |  6.0
Translocations | 5 7 8 |  8.0
Hexes          | 5 |  5.0
Spellcasting   | 1 |  1.0
Short Blades   | |  1.7
Stealth        | |  2.9

Action                     |  1- 3 |  4- 6 |  7- 9 | 10-12 | 13-15 | 16-18 | 19-21 | 22-24 || total
---------------------------+-------+-------+-------+-------+-------+-------+-------+-------++-------
  Melee: Dagger            |    37 |       |    34 |       |       |       |       |       ||    71
         Punch             |     1 |       |     1 |     2 |       |       |       |       ||     4
         Mace              |       |       |    62 |   321 |    51 |    10 |       |       ||   444
         Demon whip        |       |       |       |       |  1178 |  1247 |  1039 |   880 ||  4344
         Headbutt          |       |       |       |       |       |       |   231 |   300 ||   531
         Bite              |       |       |       |       |       |       |       |   113 ||   113
   Fire: Sling             |    45 |    88 |   254 |       |       |       |       |       ||   387
  Throw: Dart              |    27 |     6 |     4 |    40 |    76 |    27 |    13 |       ||   193
         Boomerang         |       |       |       |    43 |    59 |   218 |   141 |     1 ||   462
         Javelin           |       |       |       |       |     4 |    86 |    51 |    15 ||   156
         Throwing net      |       |       |       |       |       |       |     2 |     5 ||     7
         Large rock        |       |       |       |       |       |       |       |   231 ||   231
   Cast: Portal Projectile |       |       |       |       |       |       |       |     8 ||     8
 Invoke: Draw Summoning    |       |     2 |     1 |     7 |     9 |    12 |     3 |    13 ||    47
         Draw Destruction  |       |     4 |     9 |    27 |    32 |    33 |    20 |     5 ||   130
         Draw Escape       |       |     1 |     1 |     6 |    11 |     5 |     1 |       ||    25
         Stack Five        |       |       |     1 |       |       |     1 |       |     2 ||     4
         Deal Four         |       |       |       |     3 |     5 |     3 |     6 |     2 ||    19
         Draw Stack        |       |       |       |     1 |       |     4 |     2 |     5 ||    12
         Triple Draw       |       |       |       |       |       |     3 |       |     3 ||     6
  Evoke: Phantom mirror    |       |       |       |     1 |     1 |     3 |       |     2 ||     7
         Wand              |       |       |       |       |    80 |    10 |    12 |    45 ||   147
         Condenser vane    |       |       |       |       |     2 |     4 |     3 |     5 ||    14
         Tin of tremorston |       |       |       |       |       |       |     4 |     8 ||    12
    Use: Scroll            |    10 |     2 |       |     5 |    11 |    11 |     5 |     8 ||    52
         Potion            |       |       |       |       |     2 |     5 |     7 |    36 ||    50
   Stab: Sleeping          |       |       |       |     1 |     1 |       |       |       ||     2
         Confused          |       |       |       |       |     3 |       |       |       ||     3
         Invisible         |       |       |       |       |       |    18 |     7 |     7 ||    32
         Distracted        |       |       |       |       |       |     2 |     1 |     2 ||     5
         Paralysed         |       |       |       |       |       |     2 |       |       ||     2
         Held in net/web   |       |       |       |       |       |       |       |     4 ||     4
 Armour: Robe              |    26 |    18 |   104 |   178 |       |       |       |       ||   326
         Acid dragon scale |       |       |       |   159 |   388 |   198 |    74 |       ||   819
         Fire dragon scale |       |       |       |       |   142 |    43 |       |       ||   185
         Swamp dragon scal |       |       |       |       |       |    67 |   101 |   120 ||   288
         Skin              |       |       |       |       |       |       |    12 |     6 ||    18
  Dodge: Dodged            |    34 |    17 |    99 |   225 |   358 |   351 |   292 |   203 ||  1579
  Block: Kite shield       |       |       |       |   218 |   564 |   116 |       |       ||   898
         Tower shield      |       |       |       |       |       |   866 |  1063 |   780 ||  2709

Table legend: (Time is in decaauts)
 A = Elapsed time spent in this place.
 B = Non-inter-level travel time spent in this place.
 C = Inter-level travel time spent in this place.
 D = Time resting spent in this place.
 E = Time spent auto-exploring this place.
 F = Levels seen in this place.
 G = Mean time per level.
                   A        B        C        D        E       F      G
               +--------+--------+--------+--------+--------+-----+--------+
         Total |  67718 |  61857 |   5861 |  17987 |  31362 |  47 | 1440.8 |
       Dungeon |  20119 |  17612 |   2507 |   1164 |  13289 |  15 | 1341.3 |
        Temple |    226 |    204 |     22 |      0 |    191 |   1 |  226.0 |
          Lair |   9955 |   9054 |    901 |   2042 |   5705 |   5 | 1991.0 |
         Swamp |   6541 |   6293 |    248 |   2014 |   3212 |   4 | 1635.2 |
   Spider Nest |   7331 |   7077 |    254 |   2360 |   3282 |   4 | 1832.8 |
    Slime Pits |   3790 |   3615 |    175 |   1754 |   1189 |   5 |  758.0 |
  Orcish Mines |   3553 |   3163 |    390 |   1266 |   1065 |   2 | 1776.5 |
        Depths |   5386 |   4679 |    707 |   2937 |    598 |   4 | 1346.5 |
           Zot |   8133 |   7479 |    654 |   3822 |   1454 |   5 | 1626.6 |
      Ice Cave |   1802 |   1802 |      0 |    248 |   1052 |   1 | 1802.0 |
      Gauntlet |    877 |    877 |      0 |    375 |    325 |   1 |  877.0 |
               +--------+--------+--------+--------+--------+-----+--------+

Top non-repeatable levels by time:
  Lair:5: 3179 daAuts
   Zot:5: 2781 daAuts
  Lair:3: 2677 daAuts
Spider:4: 2650 daAuts
 Swamp:3: 2335 daAuts
     D:5: 2234 daAuts
     D:9: 2161 daAuts
Spider:1: 1951 daAuts
 Swamp:1: 1871 daAuts
Depths:3: 1870 daAuts
   Orc:1: 1867 daAuts
Depths:4: 1861 daAuts
Spider:3: 1842 daAuts
   IceCv: 1802 daAuts
    D:12: 1761 daAuts
